 Dungeon Crawl Stone Soup version 0.28-a0-1444-g6c55d0bc0c (webtiles) character file.

Game seed: 8293590036231001038

40 Froggeryz the Cudgeller (level 3, -9/21 HPs)
             Began as a Gargoyle Gladiator on Jan 10, 2022.
             Mangled by a spriggan defender skeleton (17 damage)
             ... on level 1 of the Abyss.
             The game lasted 00:01:12 (1463 turns).

Froggeryz the Cudgeller (Gargoyle Gladiator)        Turns: 1463, Time: 00:01:12

Health: -9/21      AC: 10    Str: 19    XL:     3   Next: 50%
Magic:  3/3        EV: 11    Int:  8    God:
Gold:   61         SH:  0    Dex: 11    Spells: 2/2 levels left

rFire   . . .      SeeInvis .   e - +0 mace
rCold   . . .      Faith    .   (no shield)
rNeg    + . .      Spirit   .   h - +0 ring mail
rPois   ∞          Reflect  .   c - +0 helmet
rElec   +          Harm     .   (no cloak)
rCorr   .          Rampage  .   f - +0 pair of gloves
Will    .....                   (no boots)
Stlth   +.........              (no amulet)
HPRegen 0.07/turn               (no ring)
MPRegen 0.08/turn               (no ring)

@: no status effects
A: sickness immunity, AC +3, negative energy resistance 1, electricity
resistance, torment resistance 1, petrification resistance
a: no special abilities


You were on level 1 of the Abyss.
You visited 1 branch of the dungeon, and saw 2 of its levels.
You visited the Abyss 1 time.

You collected 61 gold pieces.

Inventory:

Hand Weapons
 a - a +0 flail
 e - a +0 mace (weapon)
Missiles
 d - 3 throwing nets (quivered)
Armour
 c - a +0 helmet (worn)
 f - a +0 pair of gloves (worn)
 h - a +0 ring mail (worn)


   Skills:
 - Level 2.1 Fighting
 * Level 4.0 Maces & Flails
 - Level 1.7 Throwing
 + Level 1.6 Armour
 - Level 2.4 Dodging


You had 2 spell levels left.
You didn't know any spells.
Your spell library was empty.

Dungeon Overview and Level Annotations

Branches:
Dungeon (2/15)

Altars:


Innate Abilities, Weirdness & Mutations

You are immune to sickness and miasma.
Your stone body is resilient. (AC +3)
You are immune to poison.
You resist negative energy. (rN+)
You are resistant to electric shocks. (rElec)
You are resistant to unholy torment.
You are immune to petrification.


Message History

The giant cockroach barely misses you.
You hit the giant cockroach.
You kill the giant cockroach!
No target in view!
No target in view!
No target in view!
No target in view!
No target in view!
No target in view!
No target in view!
No target in view!
No target in view!
No target in view!
Items here: ( )) †.
Found a stone staircase leading down.
You now have 59 gold pieces (gained 7).
Found a stone staircase leading up.
You now have 61 gold pieces (gained 2).
A kobold comes into view.
It is wielding a +2 short sword of distortion.
The kobold shouts!
You closely miss the kobold. The kobold hits you but does no damage.
You are cast into the Abyss!
This branch contains the abyssal rune of Zot.
Unknown command.
Found a gateway leading deeper into the Abyss.
A spriggan defender skeleton comes into view.
A small abomination comes into view.
It was a potion of heal wounds.
You feel much better.
Throw: 3 throwing nets
Press: ? - help, Q - select action Shift-Dir - straight line, f - spriggan defender skeleton
Aim: a spriggan defender skeleton (35% to hit)
Okay, then.
You hit the spriggan defender skeleton.
The spriggan defender skeleton is lightly damaged.
The spriggan defender skeleton hits you!
Ouch! That really hurt!
The spriggan defender skeleton barely misses you.
The spriggan defender skeleton hits you!
Ouch! That really hurt!
You die...

#....#.##.# .# ##
#. . .#...###.#
##.#
#........#....####.
...#####...##.
..#.... ..
.#....Z###....#..#
##. .. #..#
#.#.....# ..#>
...#.# #.x#..##.#
## ###.##
.#.##Z#...# .
..#.....#.# ##@##.#
#. #.#.##..# #....#
..#.# . . .
.......# ..# .
....#. ..#..≈.#..
..#.# . #.. #.≈..#
.# # .## #.#..# .
.## .# #.#.. .#
###.


You could see a small abomination and a spriggan defender skeleton.

Vanquished Creatures
  An adder (D:2)
  A dart slug (D:1)
  2 bats (D:1)
  5 endoplasms
  A giant cockroach (D:2)
  3 hobgoblins (D:1)
  5 kobolds
  3 quokkas
  3 ball pythons (D:1)
  A rat (D:1)
25 creatures vanquished.

Notes
Turn   | Place    | Note
-------+----------+-------------------------------------------
     0 | D:1      | Froggeryz the Gargoyle Gladiator began the quest for the
                  | Orb.
     0 | D:1      | Reached XP level 1. HP: 12/12 MP: 1/1
   641 | D:1      | Reached XP level 2. HP: 17/17 MP: 2/2
   760 | D:1      | Reached skill level 1 in Armour
  1160 | D:1      | Reached XP level 3. HP: 21/21 MP: 3/3
  1326 | D:2      | Reached skill level 4 in Maces & Flails
  1370 | D:2      | Cast into level 1 of the Abyss (kobold)
  1454 | Abyss:1  | Noticed a spriggan defender skeleton
  1457 | Abyss:1  | Noticed a small abomination
  1463 | Abyss:1  | Mangled by a spriggan defender skeleton

Illustrated notes

Levels and vault maps discovered:
D:1:      dpeg_arrival_three_same_balls, layout_basic, moated_statue
D:2:      layout_rooms
Abyss:1:  base:
D:2

Skill      XL: |  1  2  3 |
---------------+----------+-----
Armour         | 1 |  1.6
Maces & Flails | 4 |  4.0
Fighting       | |  2.1
Throwing       | |  1.7
Dodging        | |  2.4

Action                   || total
-------------------------++-------
Melee: Mace              ||   108
       Flail             ||     4
  Use: Potion            ||     1
Armor: Leather armour    ||    52
       Ring mail         ||    20
Dodge: Dodged            ||    88

Table legend: (Time is in decaauts)
 A = Elapsed time spent in this place.
 B = Non-inter-level travel time spent in this place.
 C = Inter-level travel time spent in this place.
 D = Time resting spent in this place.
 E = Time spent auto-exploring this place.
 F = Levels seen in this place.
 G = Mean time per level.
                   A        B        C        D        E       F      G
               +--------+--------+--------+--------+--------+-----+--------+
         Total |   1487 |   1406 |     81 |    493 |    661 |   3 |  495.7 |
       Dungeon |   1394 |   1313 |     81 |    493 |    583 |   2 |  697.0 |
         Abyss |     93 |     93 |      0 |      0 |     78 |   1 |   93.0 |
               +--------+--------+--------+--------+--------+-----+--------+

Top non-repeatable levels by time:
     D:1: 1253 daAuts
     D:2: 141 daAuts
 Abyss:1: 93 daAuts
